[Event "Titled Tuesday Blitz March 07 Early 2023"]
[White "Nur-Mukhametova, Alisa"]
[Black "Karthik Rajaa"]
[WhiteFideId "54117739"]
[BlackFideId "25035215"]
[WhiteElo "1903"]
[BlackElo "2215"]
[Result "0-1"]
[Round "05"]
[TimeControl "180+2"]
[Date "2023.03.07"]
[WhiteClock "0:00:11"]
[BlackClock "0:00:22"]

1. d4 Nf6 2. c4 g6 3. Nc3 Bg7 4. Nf3 O-O 5. g3 d6 6. Bg2 c5 7. d5 e6 8. O-O exd5 9. cxd5 Re8 10. Re1 a6 11. a4 Bf5 12. h3 Ne4 13. Nxe4 Bxe4 14. Nd2 Bxg2 15. Kxg2 Nd7 16. Nc4 Ne5 17. Nxe5 Bxe5 18. a5 b5 19. axb6 Qxb6 20. Qc2 Qb4 21. Rd1 a5 22. Ra4 Qb7 23. Bf4 Bxf4 24. gxf4 Qb5 25. e3 Rab8 26. Rd2 Rec8 27. Ra3 Qb4 28. Qc3 a4 29. Rc2 Qe4+ 30. f3 Qxd5 31. Rxa4 Rb3 32. Qe1 Re8 33. e4 Qb7 34. Ra2 d5 35. Rxc5 dxe4 36. Kh1 Rxb2 37. Rxb2 Qxb2 38. fxe4 Qd4 39. Rd5 Qxd5 40. exd5 Rxe1+ 41. Kg2 Rd1 0-1


[Site "https://www.chess.com"]

[Event "Titled Tuesday Blitz March 07 Early 2023"]
[White "Starozhilov, Leonid"]
[Black "Shubenkova, Veronika"]
[WhiteFideId "14106752"]
[BlackFideId "44124040"]
[WhiteElo "2402"]
[BlackElo "2027"]
[Result "1-0"]
[Round "05"]
[TimeControl "180+2"]
[Date "2023.03.07"]
[WhiteClock "0:02:21"]
[BlackClock "0:02:48"]

1. e4 e6 2. d4 d5 3. Nc3 Nf6 4. Bg5 Be7 5. exd5 exd5 6. Bd3 O-O 7. Nge2 c6 8. O-O Nbd7 9. Qd2 Re8 10. Rae1 Nf8 11. Ng3 Ng6 12. h3 Bd7 13. a3 Qa5 14. Rxe7 Nxe7 15. Bxf6 gxf6 16. Nh5 1-0


[Site "https://www.chess.com"]

[Event "Titled Tuesday Blitz March 07 Early 2023"]
[White "Hernandez Gonzalez, William"]
[Black "Begunov, Konstantin"]
[WhiteFideId "3509915"]
[BlackFideId "4118510"]
[WhiteElo "2374"]
[BlackElo "2079"]
[Result "1-0"]
[Round "05"]
[TimeControl "180+2"]
[Date "2023.03.07"]
[WhiteClock "0:01:36"]
[BlackClock "0:00:15"]

1. e4 c5 2. Nf3 d6 3. d4 cxd4 4. Nxd4 Nf6 5. Nc3 a6 6. Bg5 e6 7. f4 Qb6 8. Qd2 Nc6 9. Bxf6 gxf6 10. Nb3 Be7 11. O-O-O h5 12. Be2 Bd7 13. Rhf1 O-O-O 14. Rf3 Rdg8 15. Bf1 Kb8 16. Kb1 h4 17. Rh3 Na5 18. Qe1 Nxb3 19. axb3 Bc6 20. Rxh4 Qg1 21. Rxh8 Rxh8 22. h3 Rg8 23. g4 Rh8 24. Ne2 Qe3 25. Nd4 Qxf4 26. Nxc6+ bxc6 27. Qa5 Bd8 28. Qb4+ Kc7 29. Bxa6 Kd7 30. Bb7 Rxh3 31. Qa4 Qxe4 32. Qxe4 1-0


[Site "https://www.chess.com"]

[Event "Titled Tuesday Blitz March 07 Early 2023"]
[White "Girsh, Daniel"]
[Black "Pourramezanali, Amirreza"]
[WhiteFideId "30949190"]
[BlackFideId "12511412"]
[WhiteElo "2075"]
[BlackElo "2382"]
[Result "1-0"]
[Round "05"]
[TimeControl "180+2"]
[Date "2023.03.07"]
[WhiteClock "0:00:16"]
[BlackClock "0:00:06"]

1. e4 e6 2. d4 d5 3. Nc3 Bb4 4. e5 c5 5. a3 Bxc3+ 6. bxc3 Ne7 7. Qg4 O-O 8. Bd3 Nd7 9. Nf3 f5 10. Qg3 Nb6 11. a4 Qc7 12. O-O Nc4 13. Nd2 Nxd2 14. Bxd2 Bd7 15. a5 b5 16. dxc5 Qxc5 17. Bc1 Qxc3 18. Ra3 Qc7 19. Bd2 a6 20. Bb4 Rf7 21. Bd6 Qd8 22. Rc3 Rc8 23. Rxc8 Qxc8 24. Qe3 Qb7 25. Qb6 Qxb6 26. axb6 Bc8 27. Ra1 Nc6 28. Bxb5 Bb7 29. Bxa6 Bxa6 30. Rxa6 Rb7 31. Kf1 Kf7 32. Ke2 Ke8 33. Kd3 Kd7 34. Kc3 Nd8 35. Bc7 Nc6 36. f4 Ne7 37. Kb4 Kc6 38. Ra8 d4 39. Kc4 Nd5 40. Rc8 Nxf4 41. Kxd4 Nxg2 42. Rg8 Nh4 43. Rxg7 f4 44. Ke4 f3 45. Rf7 f2 46. Rxf2 Nf5 47. Rxf5 exf5+ 48. Kxf5 Kd7 49. Kf6 Ke8 50. e6 h5 51. c4 h4 52. c5 h3 53. c6 Ra7 54. bxa7 1-0


[Site "https://www.chess.com"]

[Event "Titled Tuesday Blitz March 07 Early 2023"]
[White "Maze, Sebastien"]
[Black "Jiganchine, Roman"]
[WhiteFideId "613762"]
[BlackFideId "2603667"]
[WhiteElo "2462"]
[BlackElo "2328"]
[Result "1-0"]
[Round "05"]
[TimeControl "180+2"]
[Date "2023.03.07"]
[WhiteClock "0:00:05"]
[BlackClock "0:00:04"]

1. e4 c6 2. Nf3 d5 3. Nc3 dxe4 4. Nxe4 Nf6 5. Qe2 Nxe4 6. Qxe4 Qd5 7. Qe3 Bg4 8. Be2 Qe6 9. b3 Nd7 10. Bb2 Qxe3 11. fxe3 f6 12. d4 e6 13. O-O-O a5 14. a4 Nb6 15. e4 O-O-O 16. c4 Bb4 17. Bd3 Rhe8 18. h3 Bh5 19. g4 Bg6 20. Nh4 Bf7 21. Rhf1 Re7 22. Rf3 h5 23. e5 hxg4 24. exf6 gxf6 25. hxg4 Rh8 26. Ng6 Bxg6 27. Bxg6 Nd7 28. d5 exd5 29. cxd5 Rh6 30. Bf5 Kc7 31. dxc6 bxc6 32. Bxd7 Rxd7 33. Rxd7+ Kxd7 34. Bxf6 Rh1+ 35. Kc2 Rh2+ 36. Kd3 Rg2 37. g5 Ke6 38. Re3+ Kd7 39. Ke4 Bd2 40. Rd3+ Kc7 41. Kf5 Rf2+ 42. Ke6 Rg2 43. Kf5 Kb7 44. g6 Rf2+ 45. Ke6 Rg2 46. Kf7 Rf2 47. g7 Bg5 48. g8=Q Bxf6 49. Ke6 Bb2 50. Rd7+ Kb6 51. Qb8+ Kc5 52. Qd6+ Kb6 53. Qc7+ Kc5 54. Qxa5# 1-0


[Site "https://www.chess.com"]

[Event "Titled Tuesday Blitz March 07 Early 2023"]
[White "Kim, Sergey"]
[Black "Tsotsonava, Elene"]
[WhiteFideId "13700570"]
[BlackFideId "13615939"]
[WhiteElo "2626"]
[BlackElo "1829"]
[Result "1-0"]
[Round "05"]
[TimeControl "180+2"]
[Date "2023.03.07"]
[WhiteClock "0:00:08"]
[BlackClock "0:00:05"]

1. d4 Nf6 2. c4 b6 3. Nc3 Bb7 4. Nf3 g6 5. g3 Bg7 6. Bg2 O-O 7. d5 c6 8. O-O cxd5 9. cxd5 Na6 10. e4 d6 11. Nd4 Rc8 12. Be3 Nc5 13. Rc1 a5 14. a3 Ba6 15. b4 Bxf1 16. Qxf1 axb4 17. axb4 Ncd7 18. Nc6 Qe8 19. Nb5 Ng4 20. Bg5 f6 21. Bd2 Nde5 22. Nbd4 Nxc6 23. dxc6 e5 24. Qc4+ Qf7 25. Nb5 Qxc4 26. Rxc4 f5 27. exf5 gxf5 28. Bd5+ Kh8 29. Be6 Rce8 30. Bd7 Re7 31. Nxd6 e4 32. Bf4 Ne5 33. Bxe5 Bxe5 34. Nb5 Kg7 35. c7 Rxd7 36. c8=Q Rxc8 37. Rxc8 Rd1+ 38. Kg2 Rb1 39. Re8 Bf6 40. Nd6 Rxb4 41. Nxf5+ Kg6 42. Nd6 Rb2 43. Nxe4 Bd4 44. Rd8 Be5 45. Rd5 Kf5 46. Nd2 b5 47. Nf3 b4 48. Rxe5+ Kf6 49. Rb5 b3 50. Nd4 1-0


[Site "https://www.chess.com"]

[Event "Titled Tuesday Blitz March 07 Early 2023"]
[White "Czopor, Maciej"]
[Black "Torres Dominguez, David"]
[WhiteFideId "21805431"]
[BlackFideId "2220857"]
[WhiteElo "2324"]
[BlackElo "1999"]
[Result "1-0"]
[Round "05"]
[TimeControl "180+2"]
[Date "2023.03.07"]
[WhiteClock "0:01:07"]
[BlackClock "0:01:01"]

1. c4 e5 2. Nc3 Nc6 3. e3 f5 4. a3 Nf6 5. b4 d6 6. Bb2 Be7 7. Nge2 O-O 8. d4 Qe8 9. Qb3 Kh8 10. O-O-O Ng4 11. Rd2 Nxf2 12. Rg1 Ng4 13. Nd5 Bd8 14. h3 Nh2 15. Qc3 Nxf1 16. Rxf1 exd4 17. Nxd4 Qg6 18. g4 Ne7 19. Nf4 Qh6 20. Nde6 Bxe6 21. Nxe6 Rg8 22. gxf5 Nxf5 23. Nxd8 Nxe3 24. Nf7# 1-0


[Site "https://www.chess.com"]

[Event "Titled Tuesday Blitz March 07 Early 2023"]
[White "Garrido, Denis"]
[Black "Crevatin, Leo"]
[WhiteFideId "601217"]
[BlackFideId "1726307"]
[WhiteElo "2247"]
[BlackElo "2190"]
[Result "1/2-1/2"]
[Round "05"]
[TimeControl "180+2"]
[Date "2023.03.07"]
[WhiteClock "0:00:02"]
[BlackClock "0:00:06"]

1. e4 c5 2. Nf3 d6 3. d4 cxd4 4. Nxd4 Nf6 5. Nc3 Nc6 6. Be2 g6 7. O-O Bg7 8. Nb3 O-O 9. Re1 Bd7 10. Bf1 Rc8 11. Bg5 Re8 12. Nd5 Nxd5 13. exd5 Ne5 14. c3 Nc4 15. Bxc4 Rxc4 16. Qe2 Qc8 17. Rad1 Bg4 18. f3 Bf5 19. Be3 a6 20. Nd4 Bd7 21. a3 Rc7 22. Bf4 b5 23. h4 h5 24. Qf2 Rb7 25. Re2 Qc4 26. Qe1 Bf6 27. Nc6 Bxc6 28. dxc6 Qxc6 29. Rxd6 Qc5+ 30. Kh1 Rc8 31. Rd3 Qf5 32. Re4 a5 33. Rde3 b4 34. axb4 axb4 35. Be5 bxc3 36. bxc3 Bxe5 37. Rxe5 Qf6 38. Rxe7 Rxe7 39. Rxe7 Rxc3 40. Re8+ Kh7 41. Re4 Ra3 42. Kh2 Ra1 43. Qg3 Qb6 44. Qf4 Qg1+ 45. Kg3 Ra7 46. Qe3 Qa1 47. Re7 Rxe7 48. Qxe7 Kg7 49. Qe4 Qf6 50. Qf4 Qe6 51. Kh2 Qd5 52. Kg3 Qc5 53. Kh2 f6 54. Kg3 g5 55. hxg5 fxg5 56. Qe4 Kf6 57. Qe8 Qd6+ 58. Kh3 Qf4 59. Qxh5 Qf5+ 60. Qg4 Qe5 61. g3 Qe2 62. Qd4+ Kf7 63. Qd5+ Kf6 64. Qd6+ Kg7 65. Qd4+ Kh6 66. Qd6+ Kg7 67. Qd4+ Kh6 68. Qd6+ Kg7 1/2-1/2


[Site "https://www.chess.com"]

[Event "Titled Tuesday Blitz March 07 Early 2023"]
[White "Goltseva, Ekaterina"]
[Black "Rakhmatullaev, Almas"]
[WhiteFideId "24173770"]
[BlackFideId "14205793"]
[WhiteElo "2200"]
[BlackElo "2221"]
[Result "1-0"]
[Round "05"]
[TimeControl "180+2"]
[Date "2023.03.07"]
[WhiteClock "0:00:09"]
[BlackClock "0:00:03"]

1. c4 Nf6 2. Nc3 g6 3. e4 d6 4. d4 Bg7 5. Nge2 O-O 6. Ng3 e5 7. d5 Ne8 8. Be2 Nd7 9. h4 f5 10. exf5 gxf5 11. Nh5 Ndf6 12. Nxg7 Nxg7 13. h5 f4 14. g4 fxg3 15. fxg3 Nf5 16. Bg5 h6 17. Bxf6 Qxf6 18. Ne4 Qg7 19. Qd3 Nd4 20. O-O-O Bf5 21. g4 Bxe4 22. Qxe4 Rf4 23. Qe3 Raf8 24. Rhg1 Qg5 25. Kb1 Rf2 26. Qxg5+ hxg5 27. Bd3 Nf3 28. Rh1 e4 29. Bxe4 Nd2+ 30. Rxd2 Rxd2 31. Bf5 Re2 32. a3 a6 33. Ka2 Kh8 34. Kb3 Rfe8 35. Be6 Rf8 36. Bf5 b5 37. cxb5 Rb8 38. a4 axb5 39. a5 Ra8 40. Ra1 Kg7 41. a6 Ra7 42. Bc8 Re4 43. Rf1 Rf4 44. Re1 Kf8 45. Bb7 Rxg4 46. Re6 Rh4 47. Rg6 Rxh5 48. Rf6+ Kg7 49. Re6 Kf7 50. Re4 Rh4 51. Re3 g4 52. Kb4 g3+ 53. Kxb5 Rg4 54. Re1 g2 55. Rg1 Ke7 56. Kc6 Kd8 57. Kb5 Rg5 58. Kc6 Rg3 59. Kb5 Kd7 60. b4 Rg4 61. Bc6+ Ke7 62. Bb7 Kf6 63. Kc6 Ke5 64. Kxc7 Kf4 65. b5 Kf3 66. b6 Rg7+ 67. Kc6 Raxb7 68. axb7 Rg8 69. Kc7 Kf2 70. Rxg2+ Kxg2 71. b8=Q Rg7+ 72. Kc6 Kf3 73. Qxd6 1-0


[Site "https://www.chess.com"]

[Event "Titled Tuesday Blitz March 07 Early 2023"]
[White "Eynullayev, Atilla"]
[Black "Smirnov, Pavel"]
[WhiteFideId "13413570"]
[BlackFideId "4123425"]
[WhiteElo "2181"]
[BlackElo "2519"]
[Result "0-1"]
[Round "05"]
[TimeControl "180+2"]
[Date "2023.03.07"]
[WhiteClock "0:00:05"]
[BlackClock "0:01:27"]

1. d4 Nf6 2. c4 e6 3. Nc3 Bb4 4. e3 O-O 5. Bd3 d5 6. Nf3 dxc4 7. Bxc4 c5 8. a3 Bxc3+ 9. bxc3 Qc7 10. Be2 b6 11. Bb2 Bb7 12. c4 Nbd7 13. O-O Rac8 14. Rc1 Rfd8 15. Qb3 Bc6 16. Rfe1 Qb7 17. Red1 h6 18. a4 Qa6 19. a5 bxa5 20. d5 Ba8 21. Qc2 Qb6 22. e4 Rb8 23. Bxf6 Nxf6 24. e5 Ne8 25. Rb1 Qa6 26. d6 Bc6 27. Ne1 a4 28. Nd3 Qa5 29. Nc1 a3 30. Rd3 Be4 31. Nb3 Bxd3 32. Bxd3 Qa4 33. Qa2 Rb4 34. h3 Rdb8 35. Nd2 Rxb1+ 36. Nxb1 Qd1+ 0-1


[Site "https://www.chess.com"]

[Event "Titled Tuesday Blitz March 07 Early 2023"]
[White "Manukian, Artak"]
[Black "Mahdavi, Reza"]
[WhiteFideId "13301373"]
[BlackFideId "12595926"]
[WhiteElo "2130"]
[BlackElo "2208"]
[Result "1/2-1/2"]
[Round "05"]
[TimeControl "180+2"]
[Date "2023.03.07"]
[WhiteClock "0:01:52"]
[BlackClock "0:02:18"]

1. e4 c5 2. Nf3 e6 3. c3 Nf6 4. e5 Nd5 5. d4 cxd4 6. cxd4 d6 7. Nc3 Nxc3 8. bxc3 Qc7 9. Bd2 Bd7 10. Bd3 Bc6 11. O-O Nd7 12. Re1 dxe5 13. Nxe5 Nxe5 14. Rxe5 Bd6 15. Rh5 g6 16. Rh3 h5 17. Qe2 O-O-O 18. a4 e5 19. Bb5 exd4 20. cxd4 Rhe8 21. Qc4 Bxb5 22. Qxb5 Kb8 23. Rb1 Qd7 24. Rhb3 Qxb5 25. Rxb5 b6 26. a5 Bc7 27. axb6 axb6 28. Be3 1/2-1/2


[Site "https://www.chess.com"]

[Event "Titled Tuesday Blitz March 07 Early 2023"]
[White "Mohammed, Dilshad"]
[Black "Hambleton, Aman"]
[WhiteFideId "5050421"]
[BlackFideId "2606577"]
[WhiteElo "2112"]
[BlackElo "2511"]
[Result "0-1"]
[Round "05"]
[TimeControl "180+2"]
[Date "2023.03.07"]
[WhiteClock "0:00:15"]
[BlackClock "0:00:03"]

1. Nf3 d5 2. d4 c6 3. c4 Nf6 4. e3 Bg4 5. Nc3 e6 6. cxd5 exd5 7. Be2 Bd6 8. h3 Bh5 9. O-O Nbd7 10. Nh4 Bxe2 11. Qxe2 O-O 12. Nf5 Bc7 13. Qf3 Re8 14. Re1 g6 15. Nh6+ Kg7 16. e4 dxe4 17. Nxe4 Rxe4 18. Rxe4 Nxe4 19. Qxf7+ Kh8 20. Qe6 Qe8 21. Nf7+ Kg7 22. Bh6+ Kg8 23. Ng5+ Qxe6 24. Nxe6 Bd6 25. Re1 Nef6 26. f4 Re8 27. g4 Nf8 28. Bxf8 Bxf8 29. f5 Nd5 30. Kf2 Bd6 31. Kf3 gxf5 32. gxf5 Kf7 33. Ng5+ Kf8 34. Nxh7+ Kf7 35. Ng5+ Kf8 36. Ne6+ Kg8 37. Rg1+ Kh8 38. Rg6 Re7 39. Ng5 Bc7 40. f6 Rd7 41. f7 Rd8 42. Rh6+ Kg7 43. Rh7+ Kf6 44. h4 Kg6 45. Kg4 Nf6+ 46. Kf3 Nxh7 47. Ne6 Kxf7 48. Nxc7 Rd7 0-1


[Site "https://www.chess.com"]

[Event "Titled Tuesday Blitz March 07 Early 2023"]
[White "Abdilkhair, Abilmansur"]
[Black "Cherniaiev, Tykhon"]
[WhiteFideId "13716417"]
[BlackFideId "14182360"]
[WhiteElo "2216"]
[BlackElo "2450"]
[Result "0-1"]
[Round "05"]
[TimeControl "180+2"]
[Date "2023.03.07"]
[WhiteClock "0:00:17"]
[BlackClock "0:00:14"]

1. d4 Nf6 2. c4 e6 3. Nc3 d5 4. Bg5 Be7 5. e3 O-O 6. Nf3 c5 7. dxc5 Bxc5 8. cxd5 exd5 9. Bd3 Nc6 10. O-O Be6 11. Rc1 Be7 12. Bb1 Rc8 13. Qd3 Nb4 14. Qe2 h6 15. Bh4 Ne4 16. Nxe4 dxe4 17. Rxc8 Bxc8 18. Rd1 exf3 19. Qxf3 Bxh4 20. Rxd8 Rxd8 21. h3 Bf6 22. Qe4 Nc6 23. Qh7+ Kf8 24. b3 Be6 25. Bd3 Ke7 26. Qe4 Kf8 27. Bc4 Bxc4 28. Qxc4 Rd1+ 29. Kh2 Rd2 30. Qb5 Rd7 31. f4 Be7 32. e4 a6 33. Qa4 Bd6 34. e5 Bc7 35. Qe4 Rd4 36. Qf3 Rxf4 37. Qd5 Bxe5 38. Kg1 Rd4 39. Qc5+ Kg8 40. Qb6 Rd1+ 41. Kf2 Bd4+ 0-1


[Site "https://www.chess.com"]

[Event "Titled Tuesday Blitz March 07 Early 2023"]
[White "Rozman, Levy"]
[Black "Omariev, Maksim"]
[WhiteFideId "2039877"]
[BlackFideId "4193423"]
[WhiteElo "2376"]
[BlackElo "2470"]
[Result "1-0"]
[Round "05"]
[TimeControl "180+2"]
[Date "2023.03.07"]
[WhiteClock "0:00:32"]
[BlackClock "0:00:01"]

1. d4 h5 2. Bg5 c5 3. dxc5 Qa5+ 4. Nc3 e6 5. e4 Bxc5 6. Nh3 Nf6 7. Bd3 Ng4 8. Qe2 Nc6 9. Bd2 Nd4 10. Qd1 d6 11. O-O Bd7 12. Rb1 Qc7 13. Ng5 f6 14. Nf3 d5 15. g3 O-O-O 16. Bf4 e5 17. Nxd5 Qd6 18. Be3 h4 19. Nxh4 Rxh4 20. gxh4 Rh8 21. b4 Bb6 22. h3 Nxe3 23. fxe3 1-0


[Site "https://www.chess.com"]

[Event "Titled Tuesday Blitz March 07 Early 2023"]
[White "Petrosian, Karlen"]
[Black "Grunberg, Mihai-Lucian"]
[WhiteFideId "4176146"]
[BlackFideId "1204149"]
[WhiteElo "2345"]
[BlackElo "2363"]
[Result "1-0"]
[Round "05"]
[TimeControl "180+2"]
[Date "2023.03.07"]
[WhiteClock "0:00:21"]
[BlackClock "0:00:20"]

1. e4 Nf6 2. Nc3 d5 3. d3 dxe4 4. Nxe4 Nxe4 5. dxe4 Qxd1+ 6. Kxd1 g6 7. Be3 Bg7 8. c3 O-O 9. Nf3 f5 10. Bc4+ e6 11. Kc2 Nc6 12. Bc5 Re8 13. exf5 gxf5 14. Rhe1 b6 15. Be3 Bb7 16. Bf4 Nd8 17. Rad1 Be4+ 18. Kc1 c5 19. Ng5 Bxg2 20. Rg1 Bd5 21. Rxd5 exd5 22. Bxd5+ Nf7 23. Bxf7+ Kf8 24. Bxe8 Rxe8 25. Nf3 Bf6 26. Re1 Rd8 27. Bg5 Bxg5+ 28. Nxg5 Rd6 29. h4 h6 30. Nf3 Kf7 31. Rd1 Re6 32. Kd2 Kf6 33. Re1 Rd6+ 34. Kc2 f4 35. Re5 Rd7 36. a4 Rg7 37. Kd2 Rg2 38. Ke2 Rg4 39. Re8 Rg7 40. Rf8+ Ke6 41. Rxf4 Kd5 42. c4+ Kc6 43. b3 Kb7 44. Re4 Ka6 45. Ne1 Ka5 46. Nd3 h5 47. Ke3 Rg1 48. Kd2 a6 49. Re5 b5 50. axb5 axb5 51. Rxc5 Ka6 52. Rxb5 Rg4 53. Rxh5 Rf4 54. Kc3 Rf3 55. Rd5 Rh3 56. h5 Kb7 57. b4 Kc7 58. b5 Kb7 59. Kb4 Kb6 60. c5+ Kb7 61. b6 Rh4+ 62. Kb5 Kb8 63. c6 Kc8 64. Rf5 Rd4 65. Rf8+ 1-0


[Site "https://www.chess.com"]

[Event "Titled Tuesday Blitz March 07 Early 2023"]
[White "Hernandez Sanchez, Elvis De La Caridad"]
[Black "Preotu, Razvan"]
[WhiteFideId "6400353"]
[BlackFideId "2613280"]
[WhiteElo "2465"]
[BlackElo "2407"]
[Result "0-1"]
[Round "05"]
[TimeControl "180+2"]
[Date "2023.03.07"]
[WhiteClock "0:00:07"]
[BlackClock "0:00:08"]

1. d4 Nf6 2. Nf3 g6 3. c4 Bg7 4. Nc3 d5 5. cxd5 Nxd5 6. e4 Nxc3 7. bxc3 c5 8. Be3 Bg4 9. Rc1 O-O 10. Be2 Qa5 11. Qd2 Nd7 12. h3 Bxf3 13. Bxf3 Nb6 14. Be2 Rfd8 15. d5 Na4 16. O-O Nxc3 17. Bf3 b6 18. Qe1 Qa3 19. Bg5 Nxa2 20. Ra1 Qb2 21. Bxe7 Re8 22. d6 Qxa1 23. Qxa1 Bxa1 24. Rxa1 Nb4 25. e5 Rab8 26. Rxa7 c4 27. Rc7 b5 28. Bf6 Na6 29. Rc6 Nb4 30. Rc7 Na6 31. Ra7 Nc5 32. d7 Red8 33. Bxd8 Rxd8 34. Bc6 c3 35. Ra1 Nb3 0-1


[Site "https://www.chess.com"]

[Event "Titled Tuesday Blitz March 07 Early 2023"]
[White "Bozorov, Makhsum"]
[Black "Skliarov, Viktor"]
[WhiteFideId "14201330"]
[BlackFideId "14106736"]
[WhiteElo "2465"]
[BlackElo "2289"]
[Result "0-1"]
[Round "05"]
[TimeControl "180+2"]
[Date "2023.03.07"]
[WhiteClock "0:00:11"]
[BlackClock "0:00:07"]

1. e4 c5 2. Nf3 Nc6 3. Bb5 e6 4. O-O Nge7 5. Re1 Nd4 6. Bf1 Nec6 7. c3 Nxf3+ 8. Qxf3 Be7 9. Rd1 Bf6 10. d3 O-O 11. Be3 b6 12. d4 cxd4 13. cxd4 d5 14. Nc3 Bb7 15. e5 Bg5 16. Bxg5 Qxg5 17. Qe3 Qxe3 18. fxe3 Nb4 19. Rac1 Ba6 20. Bxa6 Nxa6 21. Nb5 Rfc8 22. Nd6 Rxc1 23. Rxc1 f6 24. a3 fxe5 25. b4 exd4 26. exd4 Rd8 27. Rc8 Rxc8 28. Nxc8 Nc7 29. Nxa7 Kf7 30. a4 Ke8 31. Kf2 Kd7 32. b5 Ne8 33. Nc6 Nd6 34. Ne5+ Kc7 35. Ke3 Nf5+ 36. Kd3 Nh4 37. g3 Nf5 38. g4 Nh6 39. h3 Ng8 40. Kc3 Nf6 41. Kb4 Ne4 42. a5 bxa5+ 43. Kxa5 Kb7 44. Nd7 Kc7 45. Nc5 Nxc5 46. dxc5 d4 47. b6+ Kb7 48. Kb5 d3 49. c6+ Kb8 50. Ka6 d2 51. c7+ Kc8 52. Ka7 d1=Q 53. b7+ Kxc7 54. b8=Q+ Kd7 55. Qb7+ Ke8 56. Qxg7 Qd7+ 57. Qxd7+ Kxd7 58. Kb6 Kd6 59. h4 e5 60. Kb5 Kd5 61. g5 e4 62. Kb4 Kd4 63. h5 e3 64. g6 e2 65. gxh7 e1=Q+ 66. Kb5 Qe8+ 0-1


[Site "https://www.chess.com"]

[Event "Titled Tuesday Blitz March 07 Early 2023"]
[White "Petre, Nad-Titus"]
[Black "Dudzinski, Pawel"]
[WhiteFideId "1204165"]
[BlackFideId "1117890"]
[WhiteElo "2354"]
[BlackElo "2099"]
[Result "0-1"]
[Round "05"]
[TimeControl "180+2"]
[Date "2023.03.07"]
[WhiteClock "0:00:16"]
[BlackClock "0:01:14"]

1. Nf3 g6 2. d4 Bg7 3. c3 f5 4. Bg5 h6 5. Bf4 g5 6. Be5 Nf6 7. Nbd2 d6 8. Bxf6 Bxf6 9. e4 O-O 10. Bd3 f4 11. e5 dxe5 12. Ne4 exd4 13. Nxf6+ exf6 14. Nxd4 Re8+ 15. Kf1 c5 16. Qh5 cxd4 17. Qg6+ Kf8 18. Qxh6+ Ke7 19. Re1+ Be6 20. Qh7+ Kd6 21. Qxb7 Nc6 22. Qa6 Qb6 23. Qa3+ Qc5 24. Qa6 Bc8 25. Qa4 Rxe1+ 26. Kxe1 dxc3 27. bxc3 Qxc3+ 28. Ke2 Nd4+ 0-1


[Site "https://www.chess.com"]

[Event "Titled Tuesday Blitz March 07 Early 2023"]
[White "Kozak, Antoni"]
[Black "Castellano, Christopher"]
[WhiteFideId "21832030"]
[BlackFideId "5203651"]
[WhiteElo "2470"]
[BlackElo "2171"]
[Result "1-0"]
[Round "05"]
[TimeControl "180+2"]
[Date "2023.03.07"]
[WhiteClock "0:00:59"]
[BlackClock "0:00:19"]

1. Nf3 d5 2. g3 Nf6 3. Bg2 Bf5 4. O-O c6 5. d3 h6 6. c4 e6 7. Nc3 Nbd7 8. Re1 Bb4 9. Bd2 O-O 10. Rc1 Bh7 11. a3 Ba5 12. b4 Bb6 13. e4 Ng4 14. c5 Bc7 15. Qe2 a5 16. h3 Nge5 17. Nh2 axb4 18. axb4 d4 19. Nd1 Ra3 20. Nb2 Rb3 21. Rc2 f5 22. f4 fxe4 23. Bxe4 Bxe4 24. Qxe4 Nf6 25. Qe2 Nf7 26. Qxe6 Re8 27. Qxb3 Rxe1+ 28. Bxe1 Nd5 29. Bf2 Qe7 30. Nf3 g5 31. fxg5 hxg5 32. Nxd4 Qd7 33. Kg2 g4 34. h4 Kh7 35. Re2 Ne5 36. Re4 Qf7 37. Qc2 Nf6 38. Rf4 Qd5+ 39. Kh2 Nh5 40. Rf5 Nf3+ 41. Nxf3 Qxf5 42. Ng5+ Kg8 43. Qe2 Nf4 44. Qe8+ Kg7 45. Bd4+ 1-0


[Site "https://www.chess.com"]

[Event "Titled Tuesday Blitz March 07 Early 2023"]
[White "Prokofiev, Valentyn"]
[Black "Sreyas Payyappat"]
[WhiteFideId "14160161"]
[BlackFideId "46674969"]
[WhiteElo "2260"]
[BlackElo "2083"]
[Result "1-0"]
[Round "05"]
[TimeControl "180+2"]
[Date "2023.03.07"]
[WhiteClock "0:00:46"]
[BlackClock "0:00:08"]

1. e4 c6 2. d4 d5 3. Nc3 dxe4 4. Nxe4 Nf6 5. Nxf6+ exf6 6. c3 Bd6 7. Bd3 O-O 8. Qc2 Re8+ 9. Ne2 h5 10. Be3 Nd7 11. Ng3 Bf4 12. O-O Bxe3 13. fxe3 Nf8 14. Rae1 Bg4 15. h3 h4 16. Ne4 Be6 17. Rf4 Bd5 18. Nxf6+ gxf6 19. Rg4+ Kh8 20. Qf2 f5 21. Qxf5 Ng6 22. Qh5+ Kg7 23. Bxg6 Rh8 24. Bxf7+ Kf6 25. Qe5+ Kxf7 26. Rf1+ Bf3 27. Rxf3+ Qf6 28. Rxf6# 1-0


[Site "https://www.chess.com"]

[Event "Titled Tuesday Blitz March 07 Early 2023"]
[White "Stepanencu, Nicodim-Cosmin"]
[Black "Kvaloy, Aksel Bu"]
[WhiteFideId "1256220"]
[BlackFideId "1528815"]
[WhiteElo "2185"]
[BlackElo "2208"]
[Result "0-1"]
[Round "05"]
[TimeControl "180+2"]
[Date "2023.03.07"]
[WhiteClock "0:00:02"]
[BlackClock "0:00:50"]

1. c4 Nf6 2. Nc3 e5 3. g3 c6 4. Bg2 d5 5. cxd5 cxd5 6. d4 e4 7. Nh3 Bb4 8. O-O Bxc3 9. bxc3 O-O 10. Qb3 Nc6 11. Bg5 Na5 12. Qa4 Nc4 13. Nf4 Be6 14. Qb5 Qd7 15. Rab1 Qxb5 16. Rxb5 Nd6 17. Rc5 Nd7 18. Rc7 Nb6 19. Be7 Nb5 20. Rxb7 Rfc8 21. f3 e3 22. Nxe6 fxe6 23. Bh3 Rc6 24. f4 Nxc3 25. f5 exf5 26. Bxf5 Nxe2+ 27. Kh1 Nxd4 28. Bd3 Re8 29. Rxa7 e2 30. Re1 Re6 31. Bb4 Nf3 32. Rxe2 Rxe2 33. Bxe2 Rxe2 34. Rb7 Na8 35. Rb8+ Kf7 0-1


[Site "https://www.chess.com"]

[Event "Titled Tuesday Blitz March 07 Early 2023"]
[White "Tan, Jun Ying"]
[Black "Bowden, Karl"]
[WhiteFideId "5710413"]
[BlackFideId "400548"]
[WhiteElo "2089"]
[BlackElo "2449"]
[Result "1-0"]
[Round "05"]
[TimeControl "180+2"]
[Date "2023.03.07"]
[WhiteClock "0:01:11"]
[BlackClock "0:00:01"]

1. d4 Nf6 2. c4 c5 3. d5 Ne4 4. Qc2 Qa5+ 5. Nd2 Nd6 6. b3 Na6 7. Bb2 b5 8. e4 bxc4 9. bxc4 Rb8 10. a3 Nxe4 11. Nf3 d6 12. Bd3 Nxd2 13. Nxd2 Bd7 14. O-O Ba4 15. Qc1 h5 16. Re1 h4 17. Ne4 Qc7 18. h3 Rh5 19. Bc3 Rb7 20. Qf4 Rb8 21. Nxd6+ Kd7 22. Qg4+ e6 23. dxe6+ 1-0


[Site "https://www.chess.com"]

[Event "Titled Tuesday Blitz March 07 Early 2023"]
[White "Aarav Dengla"]
[Black "Vlassov, Nikolai"]
[WhiteFideId "45059756"]
[BlackFideId "4103360"]
[WhiteElo "2285"]
[BlackElo "2324"]
[Result "0-1"]
[Round "05"]
[TimeControl "180+2"]
[Date "2023.03.07"]
[WhiteClock "0:00:10"]
[BlackClock "0:00:14"]

1. e4 Nc6 2. Nf3 d5 3. exd5 Qxd5 4. Nc3 Qa5 5. d4 Bg4 6. Bb5 O-O-O 7. Bxc6 bxc6 8. h3 Qh5 9. Be3 e6 10. Qe2 Bxf3 11. gxf3 Bb4 12. Qa6+ Kd7 13. O-O-O Bxc3 14. bxc3 Ne7 15. c4 Rb8 16. Rhg1 Qxf3 17. Rd3 Rb6 18. Qa5 Rhb8 19. Rb3 Nf5 20. d5 Nxe3 21. dxe6+ Ke8 22. exf7+ Kxf7 23. Qe5 Qf6 24. Qxf6+ Kxf6 25. fxe3 a5 26. Kd2 a4 27. Rxb6 cxb6 28. Kc3 Re8 29. Rg3 Re4 30. Kd3 Rh4 31. a3 g6 32. Rf3+ Ke5 33. Rg3 Rh5 34. Rf3 g5 35. Rg3 h6 36. Rf3 Rh4 37. Rg3 Kd6 38. Rf3 Ke6 39. Rg3 Ke5 40. Rf3 Kd6 41. Rf6+ Kd7 42. Rf3 h5 43. e4 Ke6 44. Kd4 g4 45. hxg4 Rxg4 46. Rf5 h4 47. Rh5 c5+ 48. Ke3 Rg3+ 49. Kf4 Rxa3 50. Rh6+ Kd7 51. Rxb6 Rc3 52. Ra6 a3 53. Ke5 h3 54. Kd5 h2 55. Rh6 a2 56. Rh7+ Ke8 57. Ke6 Kf8 58. Kf6 Kg8 59. Ra7 h1=Q 60. e5 Rf3+ 61. Ke6 Qh6+ 62. Kd5 Qd2+ 63. Kxc5 Qe3+ 64. Kd5 Qxa7 65. Ke4 Rf2 0-1


[Site "https://www.chess.com"]